 Dungeon Crawl Stone Soup version 0.18.1-48-g4cf74bf (webtiles) character file.

688 PossumBlood the Thaumaturge (level 7, -5/36 HPs)
             Began as a Deep Elf Wizard on Aug 19, 2016.
             Slain by an ogre
             ... wielding a +0 giant club
              (13 damage)
             ... on level 5 of the Dungeon.
             The game lasted 00:13:00 (4701 turns).

PossumBlood the Thaumaturge (Deep Elf Wizard)       Turns: 4701, Time: 00:13:01

Health: -5/36      AC:  3    Str:  4    XL:     7   Next: 36%
Magic:  10/21      EV: 12    Int: 25    God:
Gold:   208        SH:  0    Dex: 13    Spells: 6 memorised, 10 levels left

rFire  . . .     SeeInvis .     f - +2 short sword (freeze)
rCold  . . .     Gourm    .     s - +0 robe
rNeg   . . .     Faith    .     (no shield)
rPois  .         Spirit   .     b - +0 hat
rElec  .         Dismiss  .     (no cloak)
rCorr  .         Reflect  .     e - +0 pair of gloves
SustAt .         Harm     .     (no boots)
MR     .....                    h - amulet of regeneration
Stlth  ++........               (no ring)
                                (no ring)

@: not resistant to hostile enchantments, unstealthy
A: no striking features
a: no special abilities


You were on level 5 of the Dungeon.
You were not hungry.

You visited 1 branch of the dungeon, and saw 5 of its levels.

You collected 208 gold pieces.

Inventory:

Hand Weapons
 f - a +2 short sword of freezing (weapon)
 w - a cursed -3 scimitar
Armour
 b - a +0 hat (worn)
 e - a +0 pair of gloves (worn)
 s - a +0 robe (worn)
Jewellery
 h - an amulet of regeneration (around neck)
Wands
 a - a wand of slowing (18/48)
Scrolls
 j - a scroll of remove curse
 m - 3 scrolls of magic mapping
 q - 2 scrolls of fog
 t - a scroll of teleportation
 u - a scroll of blinking
Potions
 i - 2 potions of invisibility
 l - a potion of might {unknown}
 n - 2 potions of curing
 o - 3 potions of brilliance {unknown}
 p - a potion of cancellation
 r - a potion of beneficial mutation {unknown}
 x - a potion of ambrosia {unknown}
Books
 c - a book of Minor Magic

   Spells                             Type                      Level
   a - Magic Dart                     Conjuration                  1
   b - Blink                          Translocation                2
   c - Call Imp                       Summoning                    2
   d - Repel Missiles                 Charms/Air                   2
   e - Slow                           Hexes                        2
   f - Conjure Flame                  Conjuration/Fire             3
   g - Mephitic Cloud                 Conjuration/Poison/Air       3
Comestibles
 g - 4 meat rations
 k - 4 slices of pizza
 v - a fruit


   Skills:
 - Level 2.4 Dodging
 - Level 2.4 Stealth
 + Level 8.7 Spellcasting
 + Level 6.3 Conjurations
   Level 1.1 Summonings
 - Level 1.1 Translocations


You had 10 spell levels left.
You knew the following spells:

 Your Spells              Type           Power        Failure   Level  Hunger
a - Magic Dart            Conj           ####         1%          1    None
b - Blink                 Tloc           N/A          8%          2    None
c - Repel Missiles        Chrm/Air       ##....       10%         2    None
d - Slow                  Hex            ##......     10%         2    None
e - Conjure Flame         Conj/Fire      ####....     6%          3    None
f - Mephitic Cloud        Conj/Pois/Air  ###.....     10%         3    None


Dungeon Overview and Level Annotations

Branches:
Dungeon (5/15)
 Temple: D:4-7

Altars:
Ashenzari
Okawaru
Ru
Trog
Zin

Annotations:
D:5 Edmund


Message History

The magic dart hits the ogre.
The ogre is lightly wounded.
The ogre closely misses you.
Casting: Magic Dart
Confirm with . or Enter, or press ? or * to list all spells.
Aiming: Magic Dart
Press: ? - help, Shift-Dir - straight line, f/p - centaur
Aim: a centaur, wielding a shortbow (severely wounded)
The magic dart hits the centaur.
You kill the centaur!
The ogre closely misses you.
Casting: Magic Dart
Confirm with . or Enter, or press ? or * to list all spells.
Aiming: Magic Dart
Press: ? - help, Shift-Dir - straight line, f - ogre
Aim: an ogre, wielding a giant club (lightly wounded)
The magic dart hits the ogre.
The ogre is moderately wounded.
The ogre hits you with a giant club!
You die...

## .. ###. ....
#..### #...@#
.....>.)O......
.##.#.##.......
# #. ....!.. #
....... ......[
....... .......


You could see an ogre.

Vanquished Creatures
  Sigmund (D:3)
  Duvessa (D:4)
  A centaur (D:5)
  Dowan (D:4)
  A scorpion (D:4)
  An orc priest (D:3)
  Terence (D:3)
  Natasha (thrice) (D:4)
  An orc wizard (D:3)
  Robin (D:4)
  3 adders
  An adder skeleton (D:4)
  2 worms
  A dart slug (D:1)
  3 giant geckos
  4 orcs
  A ball python (D:2)
  6 bats
  3 giant cockroaches
  9 goblins
  11 hobgoblins
  4 jackals (D:4)
  11 kobolds
  4 quokkas
  A giant newt (D:2)
  8 rats
84 creatures vanquished.

Notes
Turn   | Place    | Note
--------------------------------------------------------------
     0 | D:1      | PossumBlood the Deep Elf Wizard began the quest for the Orb.
     0 | D:1      | Reached XP level 1. HP: 10/10 MP: 7/7
   192 | D:1      | Reached XP level 2. HP: 15/15 MP: 4/9
   454 | D:1      | Reached skill level 5 in Spellcasting
   769 | D:1      | Reached XP level 3. HP: 18/19 MP: 8/11
  1650 | D:2      | Reached XP level 4. HP: 24/24 MP: 10/13
  1654 | D:2      | Learned a level 2 spell: Blink
  1657 | D:2      | Learned a level 2 spell: Repel Missiles
  1660 | D:2      | Learned a level 2 spell: Slow
  1664 | D:2      | Learned a level 3 spell: Conjure Flame
  2030 | D:3      | Reached skill level 6 in Spellcasting
  2037 | D:3      | Noticed Terence
  2478 | D:3      | Killed Terence
  2478 | D:3      | Reached XP level 5. HP: 16/28 MP: 5/15
  2637 | D:3      | Found a bloodstained altar of Trog.
  2642 | D:3      | Learned a level 3 spell: Mephitic Cloud
  2748 | D:3      | Noticed Sigmund
  2756 | D:3      | Killed Sigmund
  2756 | D:3      | Reached skill level 7 in Spellcasting
  2756 | D:3      | Reached XP level 6. HP: 19/32 MP: 9/18
  3130 | D:3      | Reached skill level 5 in Conjurations
  3233 | D:4      | Noticed Natasha
  3235 | D:4      | Killed Natasha
  3259 | D:4      | Noticed Natasha
  3262 | D:4      | Killed Natasha
  3421 | D:4      | Noticed Natasha
  3424 | D:4      | Killed Natasha
  3520 | D:4      | Noticed Robin
  3526 | D:4      | Killed Robin
  3664 | D:4      | Got a smoking helmet
  3675 | D:4      | Identified the cursed +0 helmet "Zuulor" {rElec Regen+ MP-9 Int-2} (You took it off Robin on level 4 of the Dungeon)
  3943 | D:4      | Noticed Dowan
  3946 | D:4      | Noticed Duvessa
  3955 | D:4      | Killed Duvessa
  3955 | D:4      | Reached skill level 8 in Spellcasting
  3955 | D:4      | Reached XP level 7. HP: 25/36 MP: 7/20
  3957 | D:4      | Killed Dowan
  4095 | D:4      | Found a glowing silver altar of Zin.
  4118 | D:4      | Found a shattered altar of Ashenzari.
  4125 | D:4      | Found an iron altar of Okawaru.
  4128 | D:4      | Found a sacrificial altar of Ru.
  4689 | D:5      | Entered Level 5 of the Dungeon
  4696 | D:5      | Noticed Edmund
  4701 | D:5      | Slain by an ogre

Skill      XL: |  1  2  3  4  5  6  7 |
---------------+----------------------+-----
Conjurations   | 2 3 4 5 6 |  6.3
Spellcasting   | 5 6 7 8 |  8.7
Dodging        | |  2.4
Stealth        | |  2.4
Summonings     | |  1.1
Translocations | |  1.1

Action                   |  1- 3 |  4- 6 |  7- 9 || total
-------------------------+-------+-------+-------++-------
Melee: Short sword       |     2 |     6 |       ||     8
 Cast: Magic Dart        |    96 |   118 |    27 ||   241
       Blink             |       |     5 |       ||     5
       Conjure Flame     |       |     4 |       ||     4
       Slow              |       |     3 |       ||     3
       Repel Missiles    |       |     1 |       ||     1
  Use: Scroll            |     6 |    11 |       ||    17
       Potion            |       |     1 |       ||     1
  Eat: Royal jelly       |     1 |       |       ||     1
       Bread ration      |       |     2 |     1 ||     3
Armor: Robe              |       |     6 |     1 ||     7
Dodge: Dodged            |     9 |    16 |     8 ||    33
       Deflected         |       |     2 |     1 ||     3
